 Dungeon Crawl Stone Soup version 0.31-a0-180-g519b7de00c (webtiles) character file.

Game seed: 14746317022966367242

180 qw the Shooter (level 5, -7/49 HPs)
             Began as a Naga Hunter on June 19, 2023.
             Killed from afar by a steam dragon (11 damage)
             ... with a ball of steam
             ... on level 6 of the Dungeon.
             The game lasted 00:00:43 (1650 turns).

qw the Shooter (Naga Hunter)                        Turns: 1650, Time: 00:00:43

Health: -7/49      AC:  5    Str: 20    XL:     5   Next: 60%
Magic:  5/5        EV: 14    Int:  9    God:
Gold:   751        SH:  0    Dex: 16    Spells: 4/4 levels left

rFire   . . .        Y - +1 shortbow
rCold   . . .        (shield currently unavailable)
rNeg    . . .        c - +0 leather armour
rPois   +            e - +1 helmet
rElec   .            (no cloak)
rCorr   .            (no gloves)
SInv    +            (no barding)
Will    .....        b - amulet of faith
Stlth   ++           f - +6 ring of strength
HPRegen 0.28/turn    j - +5 ring of evasion
MPRegen 0.09/turn

%: faith
@: short of breath, very slow
A: AC +1, large, see invisible, deformed body, poison resistance, slowness 2,
spit poison 1, naga tail 1
a: Spit Poison


You were on level 6 of the Dungeon.
You visited 1 branch of the dungeon, and saw 4 of its levels.

You collected 874 gold pieces.
You spent 123 gold pieces at shops.


Innate Abilities, Weirdness & Mutations

Your serpentine skin is tough. (AC +1)
You have supernaturally acute eyesight. (SInv)
Armour fits poorly on your strangely shaped body.
Your system is resistant to poisons. (rPois)
You cover ground very slowly.
You can spit poison.
You have a snake-like lower body.


   Skills:
 - Level 3.4 Fighting
 + Level 5.5 Ranged Weapons
 - Level 1.5 Dodging
 - Level 1.5 Stealth


You had 4 spell levels left.
You didn't know any spells.
Your spell library was empty.

Inventory:

Hand Weapons
 Y - a +1 shortbow (weapon)
Armour
 c - a +0 leather armour (worn)
 e - a +1 helmet (worn)
Jewellery
 b - an amulet of faith (around neck)
 d - an amulet of regeneration
 f - a +6 ring of strength (left hand)
 j - a +5 ring of evasion (right hand)
Scrolls
 a - 2 scrolls of identify
Potions
 h - a potion of haste

Dungeon Overview and Level Annotations

Branches:
Dungeon (6/15)
 Temple: D:4-7

Altars:

Shops:
D:3 ?


Message History

The orc hits you but does no damage.
The orc priest mumbles some strange prayers to Beogh against you.
You struggle to resist.
The orc hits you with a +0 short sword.
You shoot an arrow. The arrow hits the orc priest.
The orc priest is heavily wounded.
The orc barely misses you. x2
The orc priest looks braver for a moment.
The steam dragon breathes steam at you.
The ball of steam hits the orc!
The orc dies!
The ball of steam misses you.
You shoot an arrow. The arrow hits the orc priest.
The orc priest is severely wounded.
You are engulfed in a cloud of scalding steam.
You have got your breath back.
The orc barely misses you. The orc priest closely misses you.
1646 ||| INVOKING Spit Poison.
Aiming: Spit Poison (1% risk of failure)
Press: ? - help, Shift-Dir - straight line, f/p - orc priest The splash of poison misses the orc priest.
You are engulfed in a cloud of scalding steam.
The orc misses you. The orc priest hits you with a +0 club.
You shoot an arrow. The arrow hits the orc priest.
The orc priest is almost dead.
You are engulfed in a cloud of scalding steam.
The orc hits you but does no damage. The orc priest hits you with a +0 club.
You shoot an arrow. The arrow hits the orc priest.
You kill the orc priest!
The orc misses you. The steam dragon closely misses you.
The steam dragon claws you.
You shoot an arrow.
The arrow closely misses the steam dragon.
The orc hits you with a +0 short sword.
The steam dragon completely misses you. x2
You shoot an arrow.
The arrow barely misses the steam dragon.
The orc misses you. The steam dragon bites you! The steam dragon misses you.
The orc closely misses you. The steam dragon breathes steam at you.
The ball of steam hits you!
You die...

##.# ....
..... .....
..?$..
......###
##....).##
#.......(##
.......o@.#
.......)D.#
........>.#
..........#
..........#
#........##
#........#
.........


You could see a steam dragon (catching breath) and an orc.

Vanquished Creatures
  2 orc priests (D:6)
  A hound (D:6)
  4 adders
  5 orcs
  4 ball pythons
  5 endoplasms
  3 giant cockroaches
  6 goblins
  3 hobgoblins
  A kobold (D:2)
  5 quokkas
  4 bats
  4 frilled lizards
  4 rats
51 creatures vanquished.

Vanquished Creatures (others)
  An orc (D:6)
1 creature vanquished.

Grand Total: 52 creatures vanquished

Notes
Turn   | Place    | Note
-------+----------+-------------------------------------------
     0 | D:1      | qw the Naga Hunter began the quest for the Orb.
     0 | D:1      | Reached XP level 1. HP: 19/19 MP: 1/1
     0 | D:1      | 0 ||| qw: Version: 0.3-a-7-ge0c9b40
     0 | D:1      | 0 ||| qw: Game counter: 1078
     0 | D:1      | 0 ||| qw: Always use a shield: true
     0 | D:1      | 0 ||| qw: God list: Okawaru
     0 | D:1      | 0 ||| qw: Allow faded altars: false
     0 | D:1      | 0 ||| qw: Do Orc after D:15 true
     0 | D:1      | 0 ||| qw: Do second Lair branch before Depths: true
     0 | D:1      | 0 ||| qw: Lair rune preference: random
     0 | D:1      | 0 ||| qw: Plans: Normal
     0 | D:1      | 0 ||| PLANNING D:1-11
     6 | D:1      | 6 ||| INVOKING Spit Poison.
    12 | D:1      | 12 ||| INVOKING Spit Poison.
    37 | D:1      | 37 ||| INVOKING Spit Poison.
    69 | D:1      | 69 ||| INVOKING Spit Poison.
    78 | D:1      | 78 ||| INVOKING Spit Poison.
    84 | D:1      | 84 ||| INVOKING Spit Poison.
   101 | D:1      | 101 ||| INVOKING Spit Poison.
   107 | D:1      | 107 ||| INVOKING Spit Poison.
   109 | D:1      | Reached skill level 4 in Ranged Weapons
   109 | D:1      | Reached XP level 2. HP: 14/26 MP: 2/2
   206 | D:1      | 206 ||| INVOKING Spit Poison.
   219 | D:1      | 219 ||| INVOKING Spit Poison.
   319 | D:1      | 319 ||| INVOKING Spit Poison.
   387 | D:1      | 387 ||| INVOKING Spit Poison.
   519 | D:1      | Found a faded altar of an unknown god.
   656 | D:1      | 656 ||| INVOKING Spit Poison.
   663 | D:1      | 663 ||| INVOKING Spit Poison.
   783 | D:1      | 783 ||| UPGRADING to +6 ring of strength.
   784 | D:1      | 784 ||| READING 2 scrolls labelled JEHONO EMATHRO.
   785 | D:1      | 785 ||| READING scroll labelled WIPLIPNOZUA.
   786 | D:1      | 786 ||| READING scroll labelled FOEXKO NUWIR.
   787 | D:1      | 787 ||| DRINKING 2 smoky red potions.
   788 | D:1      | 788 ||| DROPPING scroll of butterflies.
   789 | D:1      | 789 ||| DROPPING potion of attraction.
   818 | D:2      | 818 ||| INVOKING Spit Poison.
   845 | D:2      | 845 ||| INVOKING Spit Poison.
   849 | D:2      | Reached XP level 3. HP: 29/32 MP: 3/3
   955 | D:2      | 955 ||| INVOKING Spit Poison.
   976 | D:2      | 976 ||| INVOKING Spit Poison.
  1090 | D:2      | 1090 ||| INVOKING Spit Poison.
  1146 | D:2      | 1146 ||| INVOKING Spit Poison.
  1150 | D:2      | 1150 ||| INVOKING Spit Poison.
  1197 | D:2      | 1197 ||| UPGRADING to +0 helmet.
  1202 | D:2      | 1202 ||| UPGRADING to amulet of faith.
  1207 | D:2      | 1207 ||| READING 2 scrolls labelled KOBULE MUYMMU.
  1207 | D:2      | Identified 2 scrolls of acquirement
  1207 | D:2      | 1207 ||| ACQUIRING +5 ring of evasion
  1207 | D:2      | Acquired a +5 ring of evasion
  1209 | D:2      | 1209 ||| UPGRADING to +5 ring of evasion.
  1210 | D:2      | 1210 ||| READING scroll of acquirement.
  1210 | D:2      | 1210 ||| ACQUIRING 740 gold pieces
  1210 | D:2      | Acquired 740 gold pieces
  1212 | D:2      | 1212 ||| READING scroll labelled SAANI BUHE.
  1215 | D:2      | 1215 ||| DRINKING 2 dark potions.
  1239 | D:3      | 1239 ||| INVOKING Spit Poison.
  1269 | D:3      | 1269 ||| INVOKING Spit Poison.
  1273 | D:3      | Reached skill level 5 in Ranged Weapons
  1273 | D:3      | 1273 ||| INVOKING Spit Poison.
  1277 | D:3      | 1277 ||| INVOKING Spit Poison.
  1280 | D:3      | 1280 ||| INVOKING Spit Poison.
  1282 | D:3      | Reached XP level 4. HP: 29/39 MP: 4/4
  1380 | D:3      | 1380 ||| INVOKING Spit Poison.
  1413 | D:3      | 1413 ||| INVOKING Spit Poison.
  1416 | D:3      | 1416 ||| INVOKING Spit Poison.
  1445 | D:3      | Found Kewkiote's Magic Scroll Emporium.
  1453 | D:3      | 1453 ||| BUYING scroll of enchant armour (97 gold).
  1453 | D:3      | Bought a scroll of enchant armour for 97 gold pieces
  1453 | D:3      | 1453 ||| BUYING scroll of identify (26 gold).
  1453 | D:3      | Bought a scroll of identify for 26 gold pieces
  1453 | D:3      | 1453 ||| READING scroll of enchant armour.
  1453 | D:3      | 1453 ||| ENCHANTING +0 helmet.
  1506 | D:3      | 1506 ||| INVOKING Spit Poison.
  1531 | D:3      | 1531 ||| INVOKING Spit Poison.
  1546 | D:3      | 1546 ||| INVOKING Spit Poison.
  1551 | D:3      | 1551 ||| INVOKING Spit Poison.
  1563 | D:3      | 1563 ||| INVOKING Spit Poison.
  1601 | D:3      | 1601 ||| INVOKING Spit Poison.
  1632 | D:3      | You fall into a shaft and drop 3 floors!
  1635 | D:6      | 1635 ||| INVOKING Spit Poison.
  1639 | D:6      | Reached skill level 3 in Fighting
  1639 | D:6      | Reached XP level 5. HP: 47/49 MP: 5/5
  1640 | D:6      | Noticed a steam dragon
  1641 | D:6      | 1641 ||| INVOKING Spit Poison.
  1646 | D:6      | 1646 ||| INVOKING Spit Poison.
  1649 | D:6      | HP: 10/49 [orc/+0 short sword (4)]
  1650 | D:6      | HP: 4/49 [steam dragon (7)]
  1650 | D:6      | Killed from afar by a steam dragon

Levels and vault maps discovered:
D:1:      giann_forest_graveyard, layout_basic, basic_ecumenical_altar
D:2:      layout_rooms, minmay_tiny_reverse_x
D:3:      layout_loops_ring, serial_shops, shop_fountains, wad_orctagon
D:6:      layout_rooms, minmay_temple_entry_proselytizer, serial_shops,
          nicolae_take_the_stairs, kennysheep_boxes, uniq_maggie, uniq_edmund

Skill      XL: |  1  2  3  4 |
---------------+-------------+-----
Ranged Weapons | 4 5 |  5.5
Fighting       | 3 |  3.4
Dodging        | |  1.5
Stealth        | |  1.5

Action                     |  1- 3 |  4- 6 || total
---------------------------+-------+-------++-------
   Fire: Shortbow          |    69 |    36 ||   105
Ability: Spit Poison       |    26 |    12 ||    38
    Use: Scroll            |     6 |     1 ||     7
         Potion            |     2 |       ||     2
 Armour: Leather armour    |     2 |     5 ||     7
  Dodge: Dodged            |    14 |    32 ||    46

Table legend:
 A = Non-vault XP
 B = Vault XP
 C = Vault XP percentage of total XP
 D = Non-vault monster count
 E = Vault monster count
 F = Vault count percentage of total count
                 A         B        C        D         E       F
            +---------+---------+-------+---------+---------+-------
      Total |     201 |      57 |  22.1 |      44 |       7 |  13.7
            +---------+---------+-------+---------+---------+-------
        D:1 |      25 |       0 |   0.0 |      15 |       0 |   0.0
        D:2 |      45 |       4 |   8.2 |      13 |       2 |  13.3
        D:3 |      44 |      12 |  21.4 |      13 |       4 |  23.5
        D:6 |      87 |      41 |  32.0 |       3 |       1 |  25.0
            +---------+---------+-------+---------+---------+-------
